Workbook

Sheet 镇级收支总表
A2: 鹤山市2025年鹤城镇政府性基金预算执行情况表
F3: 单位：万元
A4: 收入项目 | D4: 支出项目
A5: 科目号 | B5: 科目名称 | C5: 2025年预算 | D5: 科目号 | E5: 科目名称 | F5: 2025年预算
A6: 一、政府性基金预算收入 | C6: =SUM(C7:C12) -> 2186 | D6: 一、政府性基金预算支出 | F6: =SUM(F7:F9)+SUM(F14) -> 4125
A7: 1030147 | B7: 农业土地开发资金收入 | C7: =镇级基金收入!C6 -> 0 | D7: 207 | E7: 文化旅游体育与传媒支出 | F7: =镇级基金支出!C6 -> 0
A8: 1030148 | B8: 国有土地使用权出让收入 | C8: =镇级基金收入!C7 -> 1422 | D8: 208 | E8: 社会保障和就业支出 | F8: =镇级基金支出!C10 -> 0
A9: 1030155 | B9: 彩票公益金收入 | C9: =镇级基金收入!C13 -> 0 | D9: 212 | E9: 城乡社区支出 | F9: =SUM(F10:F13) -> 3827
A10: 1030156 | B10: 城市基础设施配套费收入 | C10: =镇级基金收入!C16 -> 0 | D10: 21208 | E10: 国有土地使用权出让收入安排的支出 | F10: =镇级基金支出!C20 -> 3063
A11: 1030178 | B11: 污水处理费收入 | C11: =镇级基金收入!C17 -> 764 | D11: 21211 | E11: 农业土地开发资金安排的支出 | F11: =镇级基金支出!C31 -> 0
D12: 21213 | E12: 城市基础设施配套费安排的支出 | F12: =-镇级基金支出!C32 -> 0
D13: 21214 | E13: 污水处理费安排的支出 | F13: =镇级基金支出!C36 -> 764
D14: 213 | E14: 农林水支出 | F14: =镇级基金支出!C40 -> 298
D15: 21369 | E15: 国家重大水利工程建设基金安排的支出 | F15: =镇级基金支出!C44 -> 44
D16: 21372 | E16: 大中型水库移民后期扶持基金支出 | F16: =镇级基金支出!C47 -> 254
D17: 214 | E17: 交通运输支出 | F17: =镇级基金支出!C48 -> 0
D18: 229 | E18: 其他支出 | F18: =镇级基金支出!C51 -> 0
D19: 232 | E19: 债务付息支出 | F19: =镇级基金支出!C63 -> 0
D20: 233 | E20: 债务发行费用支出 | F20: =镇级基金支出!C69 -> 0
A21: 二、政府性基金转移支付收入 | C21: =镇级基金收入!C19 -> 1939 | D21: 二、上解支出 | F21: =镇级基金支出!C82 -> 0
A22: 三、上年结余收入 | C22: =镇级基金收入!C21 -> 0 | D22: 三、债务还本支出 | F22: =镇级基金支出!C84 -> 0
A23: 四、债务转贷收入 | C23: =镇级基金收入!C23 -> 0 | D23: 五、调出资金 | F23: =镇级基金支出!C86 -> 0
A24: 五、县对镇的补助收人 | C24: =镇级基金收入!C27 -> 0 | D24: 六、年终结余 | F24: =镇级基金支出!C88 -> 0
A25: 收入合计 | C25: =C6+C21+C22+C23+C24 -> 4125 | D25: 支出合计 | F25: =F6+F23+F24+F21+F22 -> 4125

Sheet 镇级基金收入
A2: 鹤山市2025年鹤城镇政府性基金预算 执行情况表
C3: 单位:万元
A4: 科目号 | B4: 科目名称 | C4: 2025年预算
A5: 一、政府性基金预算收入 | C5: =C6+C7+C13+C16+C17+C18 -> 2186
A6: 1030147 | B6: 农业土地开发资金收入
A7: 1030148 | B7: 国有土地使用权出让收入 | C7: =SUM(C8:C12) -> 1422
A8: 103014801 | B8: 土地出让价款收入 | C8: 1422
A9: 103014802 | B9: 补缴的土地价款
A10: 103014803 | B10: 划拨土地收入
A11: 103014898 | B11: 缴纳新增建设用地土地有偿使用费
A12: 103014899 | B12: 其他土地出让收入
A13: 1030155 | B13: 彩票公益金收入 | C13: =C14+C15 -> 0
A14: 103015501 | B14: 福利彩票公益金收入
A15: 103015502 | B15: 体育彩票公益金收入
A16: 1030156 | B16: 城市基础设施配套费收入
A17: 1030178 | B17: 污水处理费收入 | C17: 764
A18: 1030180 | B18: 彩票发行机构和彩票销售机构的业务费用
A19: 二、政府性基金转移支付收入 | C19: =C20 -> 1939
A20: 11004 | B20: 政府性基金转移支付收入 | C20: 1939
A21: 三、上年结余收入 | C21: =C22 -> 0
A22: 1100802 | B22: 政府性基金预算上年结余收入
A23: 四、债务转贷收入 | C23: =C24 -> 0
A24: 1101102 | B24: 地方政府专项债务转贷收入
A25: 五、调入资金 | C25: =C26 -> 0
A26: 1100902 | B26: 调入政府性基金预算资金
A27: 六、县对镇补助收入
A28: 收入合计 | C28: =C5+C19+C21+C23+C27 -> 4125

Sheet 镇级基金支出
A2: 鹤山市2025年鹤城镇政府性基金预算 执行情况表
C3: 单位:万元
A4: 科目号 | B4: 科目名称 | C4: 2025年预算
A5: 一、政府性基金预算支出 | C5: =C6+C10+C19+C40+C48+C63+C69+C51 -> 4125
A6: 207 | B6: 文化旅游体育与传媒支出 | C6: =C7 -> 0
A7: 20707 | B7: 国家电影事业发展专项资金安排的支出 | C7: =C8+C9 -> 0 | E7: 类 | F7: 栏次 | G7: 1 | H7: 2 | I7: 3
A8: 2070702 | B8: 资助影院建设 | C8: =IFERROR(VLOOKUP(A8,Sheet4!A:D,4,0),0) -> 0 | F8: 合计 | G8: 41,252,361.19 | H8: 4125.2361
A9: 2070799 | B9: 其他国家电影事业发展专项资金支出 | C9: =IFERROR(VLOOKUP(A9,Sheet4!A:D,4,0),0) -> 0 | E9: 2120802 | F9: 土地开发支出 | G9: 21651426 | H9: 2165.1426 | I9: 2165
A10: 208 | B10: 社会保障和就业支出 | C10: =C11+C15 -> 0 | E10: 2120804 | F10: 农村基础设施建设支出 | G10: 6304600.7 | H10: 630.46007 | I10: 630
A11: 20822 | B11: 大中型水库移民后期扶持基金支出 | C11: =C12+C13+C14 -> 0 | E11: 2120899 | F11: 其他国有土地使用权出让收入安排的支出 | G11: 2675639.7 | H11: 267.56397 | I11: 268
A12: 2082201 | B12: 移民补助 | C12: =IFERROR(VLOOKUP(A12,Sheet4!A:D,4,0),0) -> 0 | E12: 2121499 | F12: 其他污水处理费安排的支出 | G12: 7644745.7 | H12: 764.47456 | I12: 764
A13: 2082202 | B13: 基础设施建设和经济发展 | C13: =IFERROR(VLOOKUP(A13,Sheet4!A:D,4,0),0) -> 0 | E13: 2136902 | F13: 三峡后续工作 | G13: 435000 | H13: 43.5 | I13: 44
A14: 2082299 | B14: 其他大中型水库移民后期扶持基金支出 | C14: =IFERROR(VLOOKUP(A14,Sheet4!A:D,4,0),0) -> 0 | E14: 2137202 | F14: 基础设施建设和经济发展 | G14: 2537349.7 | H14: 253.73497 | I14: 254
A15: 20823 | B15: 小型水库移民扶助基金安排的支出 | C15: =C16+C17+C18 -> 0 | E15: 2296006 | F15: 用于残疾人事业的彩票公益金支出 | G15: 3600 | H15: 0.36 | I15: 0
A16: 2082301 | B16: 移民补助 | C16: =IFERROR(VLOOKUP(A16,Sheet4!A:D,4,0),0) -> 0
A17: 2082302 | B17: 基础设施建设和经济发展 | C17: =IFERROR(VLOOKUP(A17,Sheet4!A:D,4,0),0) -> 0
A18: 2082399 | B18: 其他小型水库移民扶助基金支出 | C18: =IFERROR(VLOOKUP(A18,Sheet4!A:D,4,0),0) -> 0
A19: 212 | B19: 城乡社区支出 | C19: =C20+C31+C32+C36 -> 3827
A20: 21208 | B20: 国有土地使用权出让收入及对应专项债务收入安排的支出 | C20: =SUM(C21:C30) -> 3063
A21: 2120801 | B21: 征地和拆迁补偿支出 | C21: =IFERROR(VLOOKUP(A21,Sheet4!A:D,4,0),0) -> 0
A22: 2120802 | B22: 土地开发支出 | C22: 2165
A23: 2120803 | B23: 城市建设支出 | C23: =IFERROR(VLOOKUP(A23,Sheet4!A:D,4,0),0) -> 0
A24: 2120804 | B24: 农村基础设施建设支出 | C24: 630
A25: 2120805 | B25: 补助被征地农民支出 | C25: =IFERROR(VLOOKUP(A25,Sheet4!A:D,4,0),0) -> 0
A26: 2120806 | B26: 土地出让业务支出
A27: 2120814 | B27: 农村生产发展支出 | C27: =IFERROR(VLOOKUP(A27,Sheet4!A:D,4,0),0) -> 0
A28: 2120815 | B28: 农村社会事业支出 | C28: =IFERROR(VLOOKUP(A28,Sheet4!A:D,4,0),0) -> 0
A29: 2120816 | B29: 农业农村生态环境支出
A30: 2120899 | B30: 其他国有土地使用权出让收入安排的支出 | C30: 268
A31: 21211 | B31: 农业土地开发资金安排的支出 | C31: =IFERROR(VLOOKUP(A31,Sheet4!A:D,4,0),0) -> 0
A32: 21213 | B32: 城市基础设施配套费安排的支出 | C32: =C33+C34+C35 -> 0
A33: 2121301 | B33: 城市公共设施 | C33: =IFERROR(VLOOKUP(A33,Sheet4!A:D,4,0),0) -> 0
A34: 2121302 | B34: 城市环境卫生 | C34: =IFERROR(VLOOKUP(A34,Sheet4!A:D,4,0),0) -> 0
A35: 2121399 | B35: 其他城市基础设施配套费安排的支出 | C35: =IFERROR(VLOOKUP(A35,Sheet4!A:D,4,0),0) -> 0
A36: 21214 | B36: 污水处理费安排的支出 | C36: =C37+C38+C39 -> 764
A37: 2121401 | B37: 污水处理设施建设和运营 | C37: =IFERROR(VLOOKUP(A37,Sheet4!A:D,4,0),0) -> 0
A38: 2121402 | B38: 代征手续费 | C38: =IFERROR(VLOOKUP(A38,Sheet4!A:D,4,0),0) -> 0
A39: 2121499 | B39: 其他污水处理费安排的支出 | C39: 764
A40: 213 | B40: 农林水支出 | C40: =C41+C44+C46 -> 298
A41: 21366 | B41: 大中型水库库区基金安排的支出 | C41: =C42+C43 -> 0
A42: 2136601 | B42: 基础设施建设和经济发展 | C42: =IFERROR(VLOOKUP(A42,Sheet4!A:D,4,0),0) -> 0
A43: 2136699 | B43: 其他大中型水库库区基金支出 | C43: =IFERROR(VLOOKUP(A43,Sheet4!A:D,4,0),0) -> 0
A44: 21369 | B44: 国家重大水利工程建设基金安排的支出 | C44: =C45 -> 44
A45: 2136902 | B45: 三峡工程后续工作 | C45: 44
A46: 21372 | B46: 大中型水库移民后期扶持基金支出 | C46: =C47 -> 254
A47: 2137202 | B47: 基础设施建设和经济发展 | C47: 254
A48: 214 | B48: 交通运输支出 | C48: =C49 -> 0
A49: 21462 | B49: 车辆通行费安排的支出 | C49: =C50 -> 0
A50: 2146299 | B50: 其他车辆通行费安排的支出 | C50: =IFERROR(VLOOKUP(A50,Sheet4!A:D,4,0),0) -> 0
A51: 229 | B51: 其他支出 | C51: =C52+C53+C56 -> 0
A52: 22904 | B52: 其他政府性基金及对应专项债务收入安排的支出 | C52: =IFERROR(VLOOKUP(A52,Sheet4!A:D,4,0),0) -> 0
A53: 22908 | B53: 彩票发行销售机构业务费安排的支出 | C53: =C54+C55 -> 0
A54: 2290804 | B54: 福利彩票销售机构的业务费支出 | C54: =IFERROR(VLOOKUP(A54,Sheet4!A:D,4,0),0) -> 0
A55: 2290805 | B55: 体育彩票销售机构的业务费支出 | C55: =IFERROR(VLOOKUP(A55,Sheet4!A:D,4,0),0) -> 0
A56: 22960 | B56: 彩票公益金安排的支出 | C56: =SUM(C57:C62) -> 0
A57: 2296002 | B57: 用于社会福利的彩票公益金支出 | C57: =IFERROR(VLOOKUP(A57,Sheet4!A:D,4,0),0) -> 0
A58: 2296003 | B58: 用于体育事业的彩票公益金支出 | C58: =IFERROR(VLOOKUP(A58,Sheet4!A:D,4,0),0) -> 0
A59: 2296004 | B59: 用于教育事业的彩票公益金支出 | C59: =IFERROR(VLOOKUP(A59,Sheet4!A:D,4,0),0) -> 0
A60: 2296006 | B60: 用于残疾人事业的彩票公益金支出 | C60: =IFERROR(VLOOKUP(A60,Sheet4!A:D,4,0),0) -> 0
A61: 2296013 | B61: 用于城乡医疗救助的彩票公益金支出 | C61: =IFERROR(VLOOKUP(A61,Sheet4!A:D,4,0),0) -> 0
A62: 2296099 | B62: 用于其他社会公益事业的彩票公益金支出 | C62: =IFERROR(VLOOKUP(A62,Sheet4!A:D,4,0),0) -> 0
A63: 232 | B63: 债务付息支出 | C63: =C64 -> 0
A64: 23204 | B64: 地方政府专项债务付息支出 | C64: =SUM(C65:C68) -> 0
A65: 2320411 | B65: 国有土地使用权出让金债务付息支出 | C65: =IFERROR(VLOOKUP(A65,Sheet4!A:D,4,0),0) -> 0
A66: 2320431 | B66: 土地储备专项债券付息支出 | C66: =IFERROR(VLOOKUP(A66,Sheet4!A:D,4,0),0) -> 0
A67: 2320498 | B67: 其他地方自行试点项目收益专项债券付息支出 | C67: =IFERROR(VLOOKUP(A67,Sheet4!A:D,4,0),0) -> 0
A68: 2320499 | B68: 其他政府性基金债务付息支出 | C68: =IFERROR(VLOOKUP(A68,Sheet4!A:D,4,0),0) -> 0
A69: 233 | B69: 债务发行费用支出 | C69: =C70 -> 0
A70: 23304 | B70: 地方政府专项债务发行费用支出 | C70: =SUM(C71:C73) -> 0
A71: 2330411 | B71: 国有土地使用权出让金债务发行费用支出 | C71: =IFERROR(VLOOKUP(A71,Sheet4!A:D,4,0),0) -> 0
A72: 2330431 | B72: 土地储备专项债券发行费用支出 | C72: =IFERROR(VLOOKUP(A72,Sheet4!A:D,4,0),0) -> 0
A73: 2330498 | B73: 其他地方自行试点项目收益专项债券发行费用支出 | C73: =IFERROR(VLOOKUP(A73,Sheet4!A:D,4,0),0) -> 0
A74: 234 | B74: 抗疫特别国债安排的支出 | C74: =C75+C80 -> 0
A75: 23401 | B75: 基础设施建设 | C75: =SUM(C76:C79) -> 0
A76: 2340101 | B76: 公共卫生体系建设 | C76: =IFERROR(VLOOKUP(A76,Sheet4!A:D,4,0),0) -> 0
A77: 2340102 | B77: 重大疫情防控救治体系建设 | C77: =IFERROR(VLOOKUP(A77,Sheet4!A:D,4,0),0) -> 0
A78: 2340108 | B78: 生态环境治理 | C78: =IFERROR(VLOOKUP(A78,Sheet4!A:D,4,0),0) -> 0
A79: 2340109 | B79: 交通基础设施建设 | C79: =IFERROR(VLOOKUP(A79,Sheet4!A:D,4,0),0) -> 0
A80: 23402 | B80: 抗疫相关支出 | C80: =C81 -> 0
A81: 2340299 | B81: 其他抗疫相关支出 | C81: =IFERROR(VLOOKUP(A81,Sheet4!A:D,4,0),0) -> 0
A82: 二、上解支出 | C82: =C83 -> 0
A83: 2300603 | B83: 政府性基金上解支出
A84: 三、债务还本支出 | C84: =C85 -> 0
A85: 23104 | B85: 地方政府专项债务还本支出
A86: 四、调出资金 | C86: =C87 -> 0
A87: 2300802 | B87: 政府性基金预算调出资金
A88: 五、年终结余 | C88: =C89 -> 0
A89: 2300902 | B89: 政府性基金年终结余 | C89: =C90-C82-C84-C86-C5 -> 0
A90: 支出合计 | C90: =镇级基金收入!C28 -> 4125

Sheet Sheet4
A1: 行标签 | B1: 求和项:预算审核数
A2: 2120804 | B2: 15000000 | C2: =B2/10000 -> 1500 | D2: =ROUND(C2,0) -> 1500
A3: 2121499 | B3: 5500000 | C3: =B3/10000 -> 550 | D3: =ROUND(C3,0) -> 550
